 Dungeon Crawl Stone Soup version 0.30.0-29-ga12c61a403 (webtiles) character file.

Game seed: 6945509291854285774

15778 qw the Cleaver (level 12, -3/76 HPs)
             Began as a Gargoyle Fighter on June 5, 2023.
             Was an Elder of Okawaru.
             Slain by a water moccasin (8 damage)
             ... on level 3 of the Lair of Beasts.
             The game lasted 00:05:49 (11360 turns).

qw the Cleaver (Gargoyle Fighter)                  Turns: 11360, Time: 00:05:50

Health: -3/76      AC:  0    Str: 25    XL:     12   Next: 30%
Magic:  18/19      EV: 16    Int:  9    God:    Okawaru [****..]
Gold:   485        SH:  0    Dex:  9    Spells: 11/11 levels left

rFire   . . .        Y - melded +1 broad axe
rCold   . . .        c - melded +0 buckler
rNeg    + . .        w - melded +0 plate armour
rPois   inf          t - melded +2 hat {SInv}
rElec   .            n - melded scarf {rC+ rF+}
rCorr   .            (gloves currently unavailable)
SInv    .            g - melded +1 pair of boots "Giatturgh" {+Inv Str+3 Stlth-}
Will    .....        (no amulet)
Stlth   +++          a - melded +5 ring of evasion
HPRegen 0.32/turn    r - melded +5 ring of evasion
MPRegen 0.16/turn

%: no passive effects
@: about to teleport, pig-form, weak-willed, heroic, very quick
A: fast, no casting, sickness immunity, AC +8, small, negative energy resistance
1, (electricity resistance), torment resistance 1, petrification resistance
a: Renounce Religion, Heroism, Finesse


You were on level 3 of the Lair of Beasts.
You worshipped Okawaru.
Okawaru was greatly pleased with you.
You were a filthy swine.
You visited 3 branches of the dungeon, and saw 13 of its levels.

You collected 674 gold pieces.
You spent 189 gold pieces at shops.


Innate Abilities, Weirdness & Mutations

You are a filthy swine.
You move quickly.
Your equipment is almost entirely melded.
You are incapable of wielding weapons or throwing items.
You cannot cast spells.
You are immune to sickness and miasma.
((Your stone body is resilient. (AC +8)))
You are immune to poison.
You resist negative energy. (rN+)
((You are resistant to electric shocks. (rElec)))
You are resistant to unholy torment.
You are immune to petrification.


   Skills:
 + Level 9.5(14.5) Fighting
 - Level 12.0(17.0) Axes
 - Level 2.0(7.0) Throwing
 - Level 8.0(13.0) Armour
 - Level 2.7(7.7) Dodging
 - Level 6.0(11.0) Shields
 + Level 9.5 Invocations


You had 11 spell levels left.
You didn't know any spells.
Your spell library was empty.

Inventory:

Hand Weapons
 b - a +2 war axe of flaming
 Y - a +1 broad axe (melded)
Missiles
 u - 6 boomerangs
 y - 11 silver boomerangs (quivered)
Armour
 c - a +0 buckler (melded)
 g - the +1 pair of boots "Giatturgh" (melded) {+Inv Str+3 Stlth-}
   (You acquired it on level 8 of the Dungeon)

   Str:       It affects your strength (+3).
   +Inv:      It lets you turn invisible.
   Stlth:     It makes you less stealthy.
 j - a +1 helmet
 n - a scarf of resistance (melded)
 o - a +0 cloak
 t - a +2 hat of see invisible (melded)
 w - a +0 plate armour (melded)
Jewellery
 a - a +5 ring of evasion (melded)
 r - a +5 ring of evasion (melded)
Scrolls
 k - 9 scrolls of identify
 q - 6 scrolls of teleportation
Potions
 d - 5 potions of might
 e - a potion of haste
 f - 4 potions of mutation
 h - 2 potions of heal wounds
 i - a potion of attraction
 m - 3 potions of lignification
 p - 2 potions of curing
 s - 2 potions of resistance

Dungeon Overview and Level Annotations

Branches:
Dungeon (9/15)             Temple (1/1) D:4            Lair (3/5) D:9
  Swamp (0/4) Lair:2
  Snake: Lair:2-3    Spider: Lair:2-3       Orc: D:9-12

Altars:
Ashenzari
Cheibriados
Dithmenos
Elyvilon
Fedhas
Gozag
Hepliaklqana
Kikubaaqudgha
Makhleb
Nemelex Xobeh
Okawaru
Qazlal
Ru
Sif Muna
Trog
Uskayaw
Vehumet
Wu Jian
Xom
Yredelemnul
Zin
The Shining One

Shops:
D:4 [   D:6 *

Annotations:
D:3 1 runed translucent door, qw's ghost, amateur GrFi
Lair:3 Kirke


Message History

The cane toad closely misses you.
You hit the hog but do no damage.
The hog is almost dead.
You hit Kirke.
You hit the hog. x2; You hit the cane toad.
The hog bites you but does no damage. The hog misses you. The hog bites you!
The cane toad stings you. Kirke completely misses you.
You hit the hog.
The hog is almost dead.
You hit the cane toad. You slash the basilisk! You slice Kirke!!
You barely miss the hog. You hit the hog. The hog closely misses you.
The hog bites you but does no damage. The hog closely misses you.
The cane toad barely misses you.
You slice the hog!!
You kill the hog!
Okawaru accepts your kill.
You slash the cane toad! You hit the basilisk. You barely miss Kirke.
You slash the hog! You slice the hog!!
You kill the hog!
Okawaru accepts your kill.
Kirke points at you and mumbles some strange words.
You turn into a filthy swine.
Your +1 broad axe melds into your body.
Your scarf of resistance melds into your body.
Your +2 hat of see invisible melds into your body.
The +1 pair of boots "Giatturgh" {+Inv Str+3 Stlth-} melds into your body.
Your +0 buckler melds into your body.
Your +0 plate armour melds into your body.
Your +5 ring of evasion melds into your body. x2
You feel hot and cold all over.
You feel less perceptive. The basilisk completely misses you.
The hog bites you! The cane toad stings you!!
You hit the hog.
The hog is severely wounded.
The hog bites you! Kirke hits you! The basilisk gazes at you.
You are unaffected.
The cane toad misses you.
11360 ||| READING 7 scrolls of teleportation.
As you read the scroll of teleportation, it crumbles to dust.
You feel strangely unstable. The water moccasin bites you!
You die...

#.PP...#.##..#
..PP....#..P.
.#..P.......
..P.......?
.......... .
.......(.# ...
......@%l##.....
#.hhS.......
#.%F........
...............
.......#######..
....)## # ....#
..## ..


You could see Kirke, a cane toad, a basilisk, a hog and a water moccasin.

Vanquished Creatures
  Gastronok (Lair:1)
  Erolcha (D:9)
  A hydra (Lair:1)
  Erica (D:9)
  2 two-headed ogres (D:8)
  5 cane toads
  3 komodo dragons (Lair:1)
  2 trolls (D:9)
  A hornet (D:9)
  A vampire (D:9)
  14 yaks
  2 hogs (Lair:3)
  A wyvern (D:9)
  Grum (Lair:1)
  3 basilisks
  A steam dragon (D:9)
  5 vampire mosquitoes (Lair:2)
  6 water moccasins
  3 orc warriors
  5 ice beasts
  A sky beast (D:4)
  2 black bears
  2 ogres
  10 wolves
  3 centaurs
  A phantom (D:5)
  A kobold brigand (D:8)
  4 bullfrogs
  2 scorpions
  A cane toad simulacrum (Lair:1)
  5 wights (D:9)
  4 killer bees (D:9)
  4 electric eels
  2 howler monkeys
  2 jellies
  3 orc priests
  2 gnoll boudas
  2 hounds (D:9)
  7 orc wizards
  2 sleepcaps
  7 iguanas
  A wolf simulacrum (Lair:1)
  16 gnolls
  8 adders
  2 ufetubi
  4 worms
  32 orcs
  8 ball pythons
  5 endoplasms
  6 giant cockroaches
  8 goblins
  5 hobgoblins
  9 jackals
  A quokka (D:3)
  3 bats
  7 frilled lizards
  14 kobolds
  6 rats
261 creatures vanquished.

Vanquished Creatures (others)
  An orc (D:9)
1 creature vanquished.

Grand Total: 262 creatures vanquished

Notes
Turn   | Place    | Note
-------+----------+-------------------------------------------
     0 | D:1      | qw the Gargoyle Fighter began the quest for the Orb.
     0 | D:1      | Reached XP level 1. HP: 14/14 MP: 1/1
     0 | D:1      | 0 ||| qw: Version: 0.2-a-108-gee2c290
     0 | D:1      | 0 ||| qw: Game counter: 1424
     0 | D:1      | 0 ||| qw: Always use a shield: true
     0 | D:1      | 0 ||| qw: God list: Okawaru
     0 | D:1      | 0 ||| qw: Allow faded altars: false
     0 | D:1      | 0 ||| qw: Do Orc after D:15 true
     0 | D:1      | 0 ||| qw: Do second Lair branch before Depths: true
     0 | D:1      | 0 ||| qw: Lair rune preference: random
     0 | D:1      | 0 ||| qw: Plans: Normal, Zot:1-4, Slime:5, God:TSO, Crypt,
                  | Tomb, Abyss, Pan, Hells, Win
     0 | D:1      | 0 ||| PLANNING D:1-11
    49 | D:1      | Reached skill level 2 in Axes
    91 | D:1      | Reached XP level 2. HP: 19/19 MP: 2/2
   117 | D:1      | 117 ||| READING scroll labelled ESAMAINKAUGRI.
   473 | D:1      | Reached skill level 3 in Axes
   921 | D:1      | 921 ||| UPGRADING to +0 helmet.
   926 | D:1      | 926 ||| UPGRADING to +5 ring of evasion.
   927 | D:1      | 927 ||| READING scroll labelled VETYPL ACZIU.
   945 | D:2      | Reached XP level 3. HP: 20/23 MP: 3/3
   945 | D:2      | 945 ||| STAIRDANCE
  1051 | D:2      | 1051 ||| Stepping ~*~*~tactically~*~*~ (stealth).
  1191 | D:2      | 1191 ||| READING scroll of brand weapon.
  1191 | D:2      | 1191 ||| BRANDING +0 war axe of venom.
  1236 | D:2      | 1236 ||| Stepping ~*~*~tactically~*~*~ (stealth).
  1258 | D:2      | Found a faded altar of an unknown god.
  1282 | D:2      | 1282 ||| Stepping ~*~*~tactically~*~*~ (hiding).
  1283 | D:2      | 1283 ||| Stepping ~*~*~tactically~*~*~ (hiding).
  1458 | D:2      | 1458 ||| UPGRADING to scarf of resistance.
  1463 | D:2      | 1463 ||| READING 3 scrolls labelled CULEIT RYSEA.
  1464 | D:2      | 1464 ||| READING scroll labelled JUPTATW BEORCHI.
  1465 | D:2      | 1465 ||| READING 2 scrolls of identify.
  1465 | D:2      | 1465 ||| IDENTIFYING fuming inky potion
  1532 | D:3      | 1532 ||| DROPPING +0 whip.
  1562 | D:3      | 1562 ||| DROPPING +1 whip of electrocution.
  1566 | D:3      | Noticed qw's ghost (amateur GrFi)
  1569 | D:3      | Found a runed translucent door.
  1584 | D:3      | Reached XP level 4. HP: 28/28 MP: 4/4
  1853 | D:3      | 1853 ||| FLEEEEING.
  1854 | D:3      | 1854 ||| FLEEEEING.
  1864 | D:3      | 1864 ||| FLEEEEING.
  1865 | D:3      | 1865 ||| FLEEEEING.
  1876 | D:3      | Reached skill level 4 in Axes
  1924 | D:3      | 1924 ||| Stepping ~*~*~tactically~*~*~ (stealth).
  2158 | D:3      | 2158 ||| DROPPING +0 war axe of freezing.
  2302 | D:3      | 2302 ||| READING scroll labelled IGRUOZ IKK.
  2303 | D:3      | 2303 ||| READING scroll labelled MIMETA DUUNIUGE.
  2304 | D:3      | 2304 ||| READING scroll labelled BEC JEEKKO.
  2305 | D:3      | 2305 ||| DRINKING 2 blue potions.
  2306 | D:3      | 2306 ||| DRINKING 2 sapphire potions.
  2410 | D:3      | 2410 ||| READING 7 scrolls of identify.
  2410 | D:3      | 2410 ||| IDENTIFYING pink potion
  2411 | D:3      | 2411 ||| READING 6 scrolls of identify.
  2411 | D:3      | 2411 ||| IDENTIFYING fizzy silvery potion
  2412 | D:3      | 2412 ||| READING 5 scrolls of identify.
  2412 | D:3      | 2412 ||| IDENTIFYING metallic red potion
  2413 | D:3      | 2413 ||| DROPPING potion of invisibility.
  2414 | D:3      | 2414 ||| DROPPING potion of degeneration.
  2415 | D:3      | 2415 ||| DROPPING potion of brilliance.
  2416 | D:3      | 2416 ||| DROPPING potion of berserk rage.
  2483 | D:4      | 2483 ||| Stepping ~*~*~tactically~*~*~ (stealth).
  2484 | D:4      | 2484 ||| Stepping ~*~*~tactically~*~*~ (stealth).
  2505 | D:4      | Found a staircase to the Ecumenical Temple.
  2507 | D:4      | 2507 ||| PLANNING TEMPLE
  2513 | Temple   | Entered the Ecumenical Temple
  2514 | Temple   | 2514 ||| PLANNING OKAWARU WORSHIP
  2596 | Temple   | Became a worshipper of Warmaster Okawaru
  2596 | Temple   | 2596 ||| PLANNING D:1-11
  2652 | D:4      | Reached XP level 5. HP: 32/32 MP: 5/5
  2652 | D:4      | Found a stormy altar of Qazlal.
  2800 | D:4      | HP: 4/32 [iguana (10)]
  2961 | D:4      | Found a basalt altar of Yredelemnul.
  2964 | D:4      | Found a blossoming altar of Fedhas.
  2964 | D:4      | Found a radiant altar of Vehumet.
  2974 | D:4      | Found a blossoming altar of Fedhas.
  2974 | D:4      | Found a hide-covered altar of Uskayaw.
  2974 | D:4      | Found a shimmering altar of Xom.
  3041 | D:4      | Reached skill level 5 in Axes
  3087 | D:4      | Noticed a sky beast
  3097 | D:4      | 3097 ||| READING scroll labelled OCLEUSTR PIEL.
  3098 | D:4      | 3098 ||| READING 4 scrolls of identify.
  3098 | D:4      | 3098 ||| IDENTIFYING red potion
  3099 | D:4      | 3099 ||| READING 3 scrolls of identify.
  3099 | D:4      | 3099 ||| IDENTIFYING golden potion
  3104 | D:4      | 3104 ||| Stepping ~*~*~tactically~*~*~ (hiding).
  3159 | D:4      | 3159 ||| Stepping ~*~*~tactically~*~*~ (stealth).
  3177 | D:4      | Killed a sky beast
  3177 | D:4      | Reached * piety under Okawaru
  3178 | D:4      | Reached XP level 6. HP: 33/40 MP: 6/6
  3274 | D:4      | Found Ygakhygu's Antique Armour Shop.
  3285 | D:4      | 3285 ||| BUYING fine leather armour (168 gold).
  3285 | D:4      | Bought a fine leather armour for 168 gold pieces
  3285 | D:4      | Identified the +3 leather armour "Kizuostru" {Int+2} (You
                  | bought it in a shop on level 4 of the Dungeon)
  3285 | D:4      | 3285 ||| SHOPLISTING glowing hat (168 gold, have 24).
  3285 | D:4      | 3285 ||| SHOPLISTING pair of boots (108 gold, have 24).
  3347 | D:4      | Found a sparkling altar of Nemelex Xobeh.
  3436 | D:4      | 3436 ||| Stepping ~*~*~tactically~*~*~ (stealth).
  3610 | D:4      | 3610 ||| DROPPING +3 leather armour "Kizuostru" {Int+2}.
  3611 | D:4      | 3611 ||| READING scroll labelled WYBEH VAUKO.
  3612 | D:4      | 3612 ||| READING 3 scrolls of identify.
  3612 | D:4      | 3612 ||| IDENTIFYING lumpy inky potion
  3645 | D:5      | Entered Level 5 of the Dungeon
  3695 | D:5      | Reached skill level 1 in Dodging
  3695 | D:5      | Reached skill level 1 in Invocations
  3747 | D:5      | Noticed a water moccasin
  3755 | D:5      | 3755 ||| INVOKING Heroism.
  3757 | D:5      | Killed a water moccasin
  3758 | D:5      | Reached XP level 7. HP: 26/44 MP: 5/8
  3851 | D:5      | Found a basalt altar of Yredelemnul.
  3851 | D:5      | Found an ornate altar of the Wu Jian Council.
  3852 | D:5      | Found an opulent altar of Gozag.
  3885 | D:5      | Reached skill level 3 in Invocations
  3924 | D:5      | 3924 ||| INVOKING Heroism.
  4098 | D:5      | Found a glowing silver altar of Zin.
  4098 | D:5      | Found a glowing golden altar of the Shining One.
  4100 | D:5      | Found a white marble altar of Elyvilon.
  4208 | D:5      | 4208 ||| INVOKING Heroism.
  4397 | D:5      | 4397 ||| Stepping ~*~*~tactically~*~*~ (hiding).
  4402 | D:5      | 4402 ||| INVOKING Heroism.
  4404 | D:5      | Reached skill level 6 in Axes
  4768 | D:5      | Reached XP level 8. HP: 49/49 MP: 11/11
  4855 | D:5      | 4855 ||| UPGRADING to +4 ring of protection.
  4856 | D:5      | 4856 ||| READING scroll labelled WOMEASHR QOTHUH.
  4991 | D:6      | 4991 ||| INVOKING Heroism.
  5030 | D:6      | Reached skill level 7 in Axes
  5043 | D:6      | Found Utowkalo's Assorted Antiques.
  5048 | D:6      | 5048 ||| SHOPLISTING blackened lead wand (96 gold, have
                  | 86).
  5048 | D:6      | 5048 ||| BUYING fizzy black potion (21 gold).
  5048 | D:6      | Bought a fizzy black potion for 21 gold pieces
  5048 | D:6      | 5048 ||| SHOPLISTING pair of embroidered boots (180 gold,
                  | have 65).
  5048 | D:6      | 5048 ||| SHOPLISTING potion of curing (72 gold, have 65).
  5048 | D:6      | 5048 ||| SHOPLISTING runed whip (132 gold, have 65).
  5048 | D:6      | 5048 ||| SHOPLISTING scroll of teleportation (72 gold, have
                  | 65).
  5048 | D:6      | 5048 ||| SHOPLISTING shiny ring mail (168 gold, have 65).
  5144 | D:6      | 5144 ||| Stepping ~*~*~tactically~*~*~ (hiding).
  5149 | D:6      | Reached ** piety under Okawaru
  5165 | D:6      | 5165 ||| DRINKING 2 potions of curing.
  5165 | D:6      | 5165 ||| (to cure confusion)
  5171 | D:6      | 5171 ||| INVOKING Heroism.
  5299 | D:6      | 5299 ||| INVOKING Heroism.
  5310 | D:6      | Reached skill level 8 in Axes
  5394 | D:6      | 5394 ||| READING scroll of enchant armour.
  5394 | D:6      | 5394 ||| ENCHANTING +0 helmet.
  5402 | D:6      | 5402 ||| DROPPING +0 war axe of venom.
  5694 | D:6      | 5694 ||| Stepping ~*~*~tactically~*~*~ (stealth).
  5695 | D:6      | 5695 ||| Stepping ~*~*~tactically~*~*~ (stealth).
  5696 | D:6      | 5696 ||| Stepping ~*~*~tactically~*~*~ (stealth).
  5713 | D:6      | 5713 ||| Stepping ~*~*~tactically~*~*~ (stealth).
  5891 | D:6      | 5891 ||| UPGRADING to +0 chain mail.
  5901 | D:6      | 5901 ||| DROPPING +0 scale mail.
  5902 | D:6      | 5902 ||| UPGRADING to +0 pair of boots.
  5907 | D:6      | 5907 ||| READING 2 scrolls of identify.
  5907 | D:6      | 5907 ||| IDENTIFYING fizzy black potion
  6010 | D:7      | Reached skill level 6 in Fighting
  6010 | D:7      | Reached XP level 9. HP: 56/56 MP: 12/12
  6173 | D:7      | 6173 ||| Stepping ~*~*~tactically~*~*~ (stealth).
  6291 | D:7      | 6291 ||| Stepping ~*~*~tactically~*~*~ (stealth).
  6316 | D:7      | Found a blossoming altar of Fedhas.
  6317 | D:7      | Found an ancient bone altar of Kikubaaqudgha.
  6322 | D:7      | 6322 ||| SWAPPING to +2 war axe of flaming.
  6323 | D:7      | 6323 ||| DROPPING +2 whip of flaming.
  6324 | D:7      | 6324 ||| DROPPING +0 war axe of freezing.
  6334 | D:7      | Found a sacrificial altar of Ru.
  6345 | D:7      | 6345 ||| Stepping ~*~*~tactically~*~*~ (stealth).
  6402 | D:7      | 6402 ||| Stepping ~*~*~tactically~*~*~ (hiding).
  6403 | D:7      | 6403 ||| Stepping ~*~*~tactically~*~*~ (hiding).
  6404 | D:7      | 6404 ||| Stepping ~*~*~tactically~*~*~ (hiding).
  6405 | D:7      | 6405 ||| Stepping ~*~*~tactically~*~*~ (hiding).
  6678 | D:8      | Noticed a two-headed ogre
  6679 | D:8      | 6679 ||| INVOKING Heroism.
  6687 | D:8      | Killed a two-headed ogre
  6687 | D:8      | Reached *** piety under Okawaru
  6688 | D:8      | Reached skill level 9 in Axes
  6836 | D:8      | Found a flagged portal.
  6873 | D:8      | 6873 ||| Stepping ~*~*~tactically~*~*~ (hiding).
  6876 | D:8      | 6876 ||| Stepping ~*~*~tactically~*~*~ (hiding).
  6879 | D:8      | 6879 ||| INVOKING Heroism.
  6890 | D:8      | Reached skill level 1 in Throwing
  6898 | D:8      | 6898 ||| Stepping ~*~*~tactically~*~*~ (hiding).
  6945 | D:8      | 6945 ||| Stepping ~*~*~tactically~*~*~ (stealth).
  6946 | D:8      | 6946 ||| Stepping ~*~*~tactically~*~*~ (stealth).
  6948 | D:8      | 6948 ||| Stepping ~*~*~tactically~*~*~ (hiding).
  6957 | D:8      | 6957 ||| FLEEEEING.
  6986 | D:8      | 6986 ||| Stepping ~*~*~tactically~*~*~ (stealth).
  6987 | D:8      | 6987 ||| Stepping ~*~*~tactically~*~*~ (stealth).
  7011 | D:8      | 7011 ||| Stepping ~*~*~tactically~*~*~ (hiding).
  7210 | D:8      | 7210 ||| INVOKING Heroism.
  7221 | D:8      | 7221 ||| Stepping ~*~*~tactically~*~*~ (stealth).
  7223 | D:8      | 7223 ||| Stepping ~*~*~tactically~*~*~ (stealth).
  7233 | D:8      | Noticed a two-headed ogre
  7241 | D:8      | 7241 ||| INVOKING Heroism.
  7244 | D:8      | Killed a two-headed ogre
  7245 | D:8      | Reached XP level 10. HP: 65/65 MP: 10/13
  7325 | D:8      | 7325 ||| Stepping ~*~*~tactically~*~*~ (hiding).
  7331 | D:8      | 7331 ||| INVOKING Heroism.
  7364 | D:8      | 7364 ||| INVOKING Heroism.
  7365 | D:8      | 7365 ||| SWAPPING to +0 broad axe.
  7424 | D:8      | 7424 ||| Stepping ~*~*~tactically~*~*~ (stealth).
  7426 | D:8      | 7426 ||| Stepping ~*~*~tactically~*~*~ (hiding).
  7459 | D:8      | 7459 ||| Stepping ~*~*~tactically~*~*~ (stealth).
  7461 | D:8      | 7461 ||| Stepping ~*~*~tactically~*~*~ (hiding).
  7687 | D:8      | 7687 ||| UPGRADING to +0 plate armour.
  7697 | D:8      | 7697 ||| DROPPING +0 chain mail.
  7698 | D:8      | 7698 ||| READING scroll labelled ORURRIANUD.
  7699 | D:8      | 7699 ||| READING scroll labelled BOAHUV ZUTIES.
  7700 | D:8      | 7700 ||| DRINKING 2 cyan potions.
  7995 | D:9      | 7995 ||| Stepping ~*~*~tactically~*~*~ (hiding).
  7998 | D:9      | 7998 ||| INVOKING Heroism.
  8070 | D:9      | 8070 ||| Stepping ~*~*~tactically~*~*~ (hiding).
  8075 | D:9      | Noticed Erolcha
  8076 | D:9      | 8076 ||| INVOKING Heroism.
  8087 | D:9      | Reached skill level 6 in Armour
  8103 | D:9      | 8103 ||| INVOKING Heroism.
  8125 | D:9      | Reached skill level 10 in Axes
  8128 | D:9      | 8128 ||| INVOKING Heroism.
  8132 | D:9      | Killed Erolcha
  8134 | D:9      | 8134 ||| FLEEEEING.
  8234 | D:9      | Noticed Erica
  8235 | D:9      | 8235 ||| INVOKING Heroism.
  8244 | D:9      | Killed Erica
  8281 | D:9      | 8281 ||| INVOKING Heroism.
  8301 | D:9      | 8301 ||| FLEEEEING.
  8302 | D:9      | 8302 ||| FLEEEEING.
  8303 | D:9      | 8303 ||| FLEEEEING.
  8304 | D:9      | 8304 ||| FLEEEEING.
  8305 | D:9      | 8305 ||| DRINKING potion of curing.
  8305 | D:9      | 8305 ||| (to cure confusion)
  8306 | D:9      | 8306 ||| FLEEEEING.
  8309 | D:9      | 8309 ||| FLEEEEING.
  8310 | D:9      | 8310 ||| FLEEEEING.
  8311 | D:9      | 8311 ||| FLEEEEING.
  8312 | D:9      | 8312 ||| FLEEEEING.
  8313 | D:9      | 8313 ||| FLEEEEING.
  8314 | D:9      | 8314 ||| FLEEEEING.
  8315 | D:9      | 8315 ||| FLEEEEING.
  8324 | D:9      | 8324 ||| FLEEEEING.
  8335 | D:9      | 8335 ||| FLEEEEING.
  8336 | D:9      | 8336 ||| FLEEEEING.
  8345 | D:9      | 8345 ||| STAIRDANCE
  8438 | D:8      | 8438 ||| READING scroll labelled HEUHEN SUNE.
  8438 | D:8      | Identified a scroll of acquirement
  8438 | D:8      | 8438 ||| ACQUIRING +1 pair of boots "Giatturgh" {+Inv Str+3
                  | Stlth-}
  8438 | D:8      | Acquired the +1 pair of boots "Giatturgh" {+Inv Str+3
                  | Stlth-}
  8440 | D:8      | 8440 ||| UPGRADING to +1 pair of boots "Giatturgh" {+Inv
                  | Str+3 Stlth-}.
  8450 | D:8      | 8450 ||| DROPPING +0 pair of boots.
  8495 | D:9      | 8495 ||| INVOKING Heroism.
  8497 | D:9      | Found a staircase to the Lair.
  8530 | D:9      | Reached **** piety under Okawaru
  8531 | D:9      | Reached XP level 11. HP: 62/69 MP: 14/14
  8787 | D:9      | 8787 ||| INVOKING Heroism.
  8794 | D:9      | Reached skill level 11 in Axes
  9086 | D:9      | 9086 ||| PLANNING LAIR
  9086 | D:9      | 9086 ||| UPGRADING to +5 ring of evasion.
  9088 | D:9      | 9088 ||| DROPPING +4 ring of protection.
  9112 | Lair:1   | Entered Level 1 of the Lair of Beasts
  9118 | Lair:1   | 9118 ||| STAIRDANCE
  9150 | Lair:1   | Reached skill level 9 in Fighting
  9168 | Lair:1   | 9168 ||| Stepping ~*~*~tactically~*~*~ (stealth).
  9216 | Lair:1   | Found a frozen archway.
  9240 | Lair:1   | 9240 ||| INVOKING Heroism.
  9491 | Lair:1   | 9491 ||| INVOKING Heroism.
  9491 | Lair:1   | Noticed Gastronok
  9492 | Lair:1   | 9492 ||| Stepping ~*~*~tactically~*~*~ (stealth).
  9510 | Lair:1   | 9510 ||| INVOKING Heroism.
  9520 | Lair:1   | Killed Gastronok
  9521 | Lair:1   | Reached skill level 6 in Invocations
  9687 | Lair:1   | Noticed Grum
  9688 | Lair:1   | 9688 ||| INVOKING Heroism.
  9717 | Lair:1   | Killed Grum
  9813 | Lair:1   | 9813 ||| INVOKING Heroism.
  9918 | Lair:1   | Noticed an eight-headed hydra
  9919 | Lair:1   | 9919 ||| Stepping ~*~*~tactically~*~*~ (stealth).
  9920 | Lair:1   | 9920 ||| INVOKING Heroism.
  9923 | Lair:1   | 9923 ||| SWAPPING to +2 war axe of flaming.
  9932 | Lair:1   | Killed a one-headed hydra
  9932 | Lair:1   | Reached ***** piety under Okawaru
  9933 | Lair:1   | 9933 ||| SWAPPING to +1 broad axe.
  9984 | Lair:1   | 9984 ||| Stepping ~*~*~tactically~*~*~ (hiding).
  9988 | Lair:1   | 9988 ||| INVOKING Heroism.
 10000 | Lair:1   | 10000 ||| Stepping ~*~*~tactically~*~*~ (hiding).
 10007 | Lair:1   | 10007 ||| INVOKING Heroism.
 10064 | Lair:1   | 10064 ||| INVOKING Heroism.
 10225 | Lair:1   | 10225 ||| INVOKING Heroism.
 10360 | Lair:1   | 10360 ||| UPGRADING to +2 hat of see invisible.
 10370 | Lair:1   | 10370 ||| DROPPING +6 ring of strength.
 10371 | Lair:1   | 10371 ||| READING 2 scrolls labelled ULOTHA UNIRHO.
 10372 | Lair:1   | 10372 ||| DROPPING scroll of immolation.
 10481 | Lair:2   | 10481 ||| INVOKING Heroism.
 10488 | Lair:2   | Reached XP level 12. HP: 76/76 MP: 15/18
 10534 | Lair:2   | 10534 ||| INVOKING Heroism.
 10617 | Lair:2   | Identified the +1 ring mail of the Poles {Rampage}
 10662 | Lair:2   | 10662 ||| INVOKING Heroism.
 10720 | Lair:2   | Found a staircase to the Swamp.
 10721 | Lair:2   | 10721 ||| Stepping ~*~*~tactically~*~*~ (stealth).
 10740 | Lair:2   | Reached skill level 12 in Axes
 10743 | Lair:2   | Reached skill level 6 in Shields
 10743 | Lair:2   | Reached skill level 9 in Invocations
 11334 | Lair:2   | 11334 ||| READING scroll labelled JAECLE ISIMOS.
 11335 | Lair:2   | 11335 ||| READING 10 scrolls of identify.
 11335 | Lair:2   | 11335 ||| IDENTIFYING sedimented blue potion
 11336 | Lair:2   | 11336 ||| DROPPING potion of flight.
 11350 | Lair:3   | Noticed Kirke
 11351 | Lair:3   | 11351 ||| INVOKING Heroism.
 11359 | Lair:3   | HP: 18/76 [hog[Kirke] (11)]
 11359 | Lair:3   | HP: 4/76 [Kirke (14)]
 11360 | Lair:3   | 11360 ||| READING 7 scrolls of teleportation.
 11360 | Lair:3   | Slain by a water moccasin

Levels and vault maps discovered:
D:1:      dpeg_arrival_lava_temple_mockup, layout_basic, reono_crystal_passage
D:2:      layout_rooms, shapermc_ecumenical_altar_mp_ritualfount
D:3:      layout_loops_ring, hellmonk_ghost_happy_afterlife
D:4:      minmay_chambers_of_fours, layout_loops_ring, doesnt_xom_only_xom,
          mainiacjoe_overflow_catch_the_wave, minmay_temple_entry_tees,
          serial_shops, nicolae_shop_tiny_statue_garden, kennysheep_nondescript
D:5:      layout_basic, dreamdust_divine_triumvirate,
          gammafunk_temple_overflow_claw, kennysheep_small_square
D:6:      layout_cave_pods, serial_shops, nicolae_shop_back_alley_shop,
          solitary_fountain
D:7:      layout_basic, grunt_temple_overflow_growth_and_decay,
          mainiacjoe_overflow_small_starburst, eino_curves_04
D:8:      layout_basic, enter_bailey_2, minmay_unpleasant_kobolds
D:9:      layout_basic, erik_lair_island, uniq_erica, uniq_erolcha
Temple:   eino_temple_lava
Lair:1:   beast_lair_carwin_large_1, layout_regular_city,
          portal_ice_cave_entry_ice_simulacra, infiniplex_staircase_pool,
          uniq_gastronok, uniq_grum
Lair:2:   layout_gridlike, minmay_swamp_entry_swarm, serial_bayou_shore_a
Lair:3:   layout_cave_shapes, minmay_snake_entry_guardpost_medium,
          uniq_prince_ribbit2, uniq_kirke

Skill      XL: |  1  2  3  4  5  6  7  8  9 10 11 12 |
---------------+-------------------------------------+-----
Axes           | 2 3 4 5 6 8 9 10 11 12 | 12.0
Fighting       | 5 6 8 9 |  9.5
Dodging        | 1 2 |  2.7
Invocations    | 2 4 8 9 |  9.5
Armour         | 4 7 8 |  8.0
Throwing       | 1 2 |  2.0
Shields        | 4 5 6 |  6.0

Action                     |  1- 3 |  4- 6 |  7- 9 | 10-12 || total
---------------------------+-------+-------+-------+-------++-------
  Melee: War axe           |   151 |   152 |   197 |    31 ||   531
         Broad axe         |       |       |       |   460 ||   460
         Unarmed           |       |       |       |     1 ||     1
  Throw: Boomerang         |       |       |    11 |    59 ||    70
 Invoke: Heroism           |       |     1 |    10 |    24 ||    35
    Use: Scroll            |     6 |    11 |     3 |     7 ||    27
         Potion            |       |     2 |     1 |     2 ||     5
   Stab: Distracted        |       |       |     1 |       ||     1
 Armour: Scale mail        |    87 |    52 |    45 |       ||   184
         Chain mail        |       |       |    37 |    23 ||    60
         Plate armour      |       |       |       |   172 ||   172
  Dodge: Dodged            |   105 |    72 |   116 |   339 ||   632
  Block: Buckler           |    27 |    22 |    33 |   110 ||   192

Table legend:
 A = Non-vault XP
 B = Vault XP
 C = Vault XP percentage of total XP
 D = Non-vault monster count
 E = Vault monster count
 F = Vault count percentage of total count
                 A         B        C        D         E       F
            +---------+---------+-------+---------+---------+-------
      Total |   14270 |    8270 |  36.7 |     216 |      45 |  17.2
            +---------+---------+-------+---------+---------+-------
        D:1 |      37 |       0 |   0.0 |      24 |       0 |   0.0
        D:2 |      44 |       0 |   0.0 |      19 |       0 |   0.0
        D:3 |      42 |       0 |   0.0 |      19 |       0 |   0.0
        D:4 |     119 |     186 |  61.0 |      17 |       6 |  26.1
        D:5 |     819 |      49 |   5.6 |      13 |       2 |  13.3
        D:6 |     795 |       0 |   0.0 |      19 |       0 |   0.0
        D:7 |     610 |       0 |   0.0 |       8 |       0 |   0.0
        D:8 |    2448 |     103 |   4.0 |      32 |       6 |  15.8
        D:9 |    2332 |    2431 |  51.0 |      30 |       8 |  21.1
     Lair:1 |    3815 |    4193 |  52.4 |      16 |      16 |  50.0
     Lair:2 |    3209 |     916 |  22.2 |      19 |       5 |  20.8
     Lair:3 |       0 |     392 | 100.0 |       0 |       2 | 100.0
            +---------+---------+-------+---------+---------+-------
